 Dungeon Crawl Stone Soup version 0.22.1-2-g9c5b331 (webtiles) character file.

57 Gearfox the Charmwright (level 4, -4/33 HPs)
             Began as a Human Skald on Nov 25, 2018.
             Slain by Grinder (9 damage)
             ... on level 3 of the Dungeon.
             The game lasted 00:12:41 (2118 turns).

Gearfox the Charmwright (Human Skald)               Turns: 2118, Time: 00:12:42

Health: -4/33      AC:  6    Str: 12    XL:     4   Next: 18%
Magic:  7/7        EV: 11    Int: 13    God:
Gold:   167        SH:  0    Dex: 13    Spells: 6/7 levels left

rFire    + . .     SeeInvis .   n - +0 hunting sling
rCold    + . .     Gourm    .   (no shield)
rNeg     . . .     Faith    .   i - +0 ring mail
rPois    .         Spirit   .   (no helmet)
rElec    .         Reflect  .   p - scarf {rC+ rF+}
rCorr    .         Harm     .   (no gloves)
MR       +....                  m - +0 pair of boots
Stlth    +.........             (no amulet)
HPRegen  0.11/turn              q - ring of wizardry
MPRegen  0.10/turn              t - ring of protection from magic

@: berserk cooldown, slowed, very slow
A: no striking features
a: no special abilities


You were on level 3 of the Dungeon.
You were not hungry.

You visited 1 branch of the dungeon, and saw 3 of its levels.

You collected 167 gold pieces.

Inventory:

Hand Weapons
 a - a +1 falchion
 n - a +0 hunting sling (weapon)
 o - a +0 club
 r - a +0 hand axe
Missiles
 c - 88 stones
 j - 38 sling bullets (quivered)
 k - 28 bolts
Armour
 b - a +0 leather armour
 i - a +0 ring mail (worn)
 m - a +0 pair of boots (worn)
 p - a scarf of resistance (worn)
Jewellery
 q - a ring of wizardry (left hand)
 t - a ring of protection from magic (right hand)
Scrolls
 e - 2 scrolls of identify {unknown}
 h - a scroll of amnesia
 s - a scroll of enchant armour {unknown}
Potions
 l - 2 potions of flight {unknown}
Comestibles
 d - a ration


   Skills:
 * Level 2.0 Fighting
 * Level 3.0 Long Blades
 + Level 0.4 Slings
 + Level 1.1 Armour
 + Level 2.1 Dodging
 + Level 2.1 Spellcasting
 * Level 3.7 Charms


You had 6 spell levels left.
You knew the following spells:

 Your Spells              Type           Power        Failure   Level  Hunger
a - Infusion              Chrm           ##..         4%          1    ##.....

Your spell library contained the following spells:

 Spells                   Type           Power        Failure   Level  Hunger
 Song of Slaying          Chrm           ##......     8%          2    ###....
 Shroud of Golubria       Chrm/Tloc      #.........   16%         2    ###....
 Regeneration             Chrm/Necr      #.........   32%         3    ####...
 Spectral Weapon          Hex/Chrm       #.......     32%         3    ####...


Dungeon Overview and Level Annotations

Branches:
Dungeon (3/15)

Altars:

Annotations:
D:3 Grinder


Message History

Really attack while wielding your +0 hunting sling? [Y]es or [N]o only, please.
Really attack while wielding your +0 hunting sling? [Y]es or [N]o only, please.
Really attack while wielding your +0 hunting sling? [Y]es or [N]o only, please.
Really attack while wielding your +0 hunting sling? [Y]es or [N]o only, please.
Really attack while wielding your +0 hunting sling?
Okay, then.
Grinder gestures at you. You resist with some effort.
Grinder says, "At least Makhleb appreciates what I'm doing."
There is a stone staircase leading up here.
Grinder hits you.
* * * LOW HITPOINT WARNING * * *
You writhe in agony.
* * * LOW HITPOINT WARNING * * *
Grinder hits you!
You die...

#............#
#..#####......
#..##....>...
#..##....#
#....<.#
##.###.# #.#
#.# #######5#
#.# .......@#
#.# .########
#.# #.# #.#
#.# #.#


You could see Grinder.

Vanquished Creatures
  An ooze (D:1)
  4 dart slugs
  A leopard gecko (D:2)
  6 bats
  A giant cockroach (D:1)
  2 hobgoblins (D:1)
  4 jackals (D:1)
  5 kobolds
  4 frilled lizards
  9 goblins
  5 rats
42 creatures vanquished.

Notes
Turn   | Place    | Note
-------+----------+-------------------------------------------
     0 | D:1      | Gearfox the Human Skald began the quest for the Orb.
     0 | D:1      | Reached XP level 1. HP: 16/16 MP: 3/3
   219 | D:1      | Reached XP level 2. HP: 20/22 MP: 5/5
   473 | D:1      | Reached XP level 3. HP: 14/27 MP: 6/6
  1533 | D:2      | Reached XP level 4. HP: 33/33 MP: 7/7
  2106 | D:3      | Noticed Grinder
  2118 | D:3      | Slain by Grinder

Skill      XL: |  1  2  3  4 |
---------------+-------------+-----
Long Blades    | 3 |  3.0
Fighting       | |  2.0
Slings         | |  0.4
Armour         | |  1.1
Dodging        | |  2.1
Spellcasting   | |  2.1
Charms         | |  3.7

Action                   |  1- 3 |  4- 6 || total
-------------------------+-------+-------++-------
Melee: Falchion          |    91 |    16 ||   107
 Fire: Hunting sling     |    20 |     2 ||    22
 Cast: Infusion          |     4 |       ||     4
  Use: Scroll            |     4 |       ||     4
       Potion            |       |     2 ||     2
  Eat: Ration            |     1 |     1 ||     2
Armor: Leather armour    |    23 |       ||    23
       Ring mail         |     4 |     7 ||    11
Dodge: Dodged            |    78 |    12 ||    90
       Rpst.: Falchion   |    18 |     5 ||    23
